 Dungeon Crawl Stone Soup version 0.29-a0-559-g359e09b9d1 (webtiles) character file.

Game seed: 15247841612648413772

26138 jlumianski the Cleaver (level 13, -4/68 HPs)
             Began as a Gargoyle Fighter on June 10, 2022.
             Was a Priest of Hepliaklqana.
             Slain by a death yak (8 damage)
             ... in an ice cave on June 11, 2022.
             The game lasted 01:08:34 (12123 turns).

jlumianski the Cleaver (Gargoyle Fighter)          Turns: 12123, Time: 01:08:35

Health: -4/68      AC: 31    Str: 20    XL:     13   Next: 24%
Magic:  18/18      EV:  7    Int: 10    God:    Hepliaklqana [***...]
Gold:   1096       SH:  5    Dex: 11    Spells: 8/16 levels left

rFire   + . .      SeeInvis .   a - +0 war axe
rCold   + + .      Faith    .   c - +0 buckler
rNeg    + + .      Spirit   .   p - +1 plate armour {rC+}
rPois   ∞          Reflect  .   (no helmet)
rElec   +          Harm     .   A - scarf {rC+ rF+}
rCorr   +          Rampage  .   X - +2 pair of gloves
Will    .....                   i - +2 pair of boots
Stlth   ..........              g - amulet of regeneration
HPRegen 1.01/turn               R - ring of wizardry
MPRegen 0.16/turn               r - ring "Xejyave" {rN+ rCorr Str-4 Slay+3}

@: no status effects
A: reduced essence, sickness immunity, AC +9, negative energy resistance 1,
electricity resistance, torment resistance 1, petrification resistance, thin
skeletal structure 1, mutation resistance 1
a: Renounce Religion, Recall Ancestor, Ancestor Identity, Transference


You were in an ice cave.
You worshipped Hepliaklqana.
Hepliaklqana was most pleased with you.
You visited 3 branches of the dungeon, and saw 16 of its levels.
You also visited: Ice Cave.

You collected 1096 gold pieces.

Inventory:

Hand Weapons
 a - a +0 war axe (weapon)
 T - a +2 whip of flaming
Missiles
 v - 5 curare-tipped darts
 y - 13 poisoned darts
 B - 8 javelins (quivered)
 H - 3 throwing nets
 P - 18 boomerangs
Armour
 c - a +0 buckler (worn)
 i - a +2 pair of boots (worn)
 p - a +1 plate armour of cold resistance (worn)
 x - a +4 ring mail
 z - a scarf of harm
 A - a scarf of resistance (worn)
 X - a +2 pair of gloves (worn)
Jewellery
 g - an amulet of regeneration (around neck)
 l - a ring of protection from fire
 n - a ring of willpower
 r - the ring "Xejyave" (right hand) {rN+ rCorr Str-4 Slay+3}
   (You took it off a centaur on level 11 of the Dungeon)

   [ring of resist corrosion]

   Str:       It affects your strength (-4).
   Slay:      It affects your accuracy & damage with ranged weapons and melee
   (+3).
   rN:        It protects you from negative energy.
   rCorr:     It protects you from acid and corrosion.
 D - a +4 ring of protection
 R - a ring of wizardry (left hand)
Wands
 h - a wand of mindburst (12)
 q - a wand of paralysis (2)
 s - a wand of flame (27)
 O - a wand of iceblast (4)
 V - a wand of digging (5)
Scrolls
 b - 9 scrolls of identify
 f - 3 scrolls of fog
 j - a scroll of fear
 k - a scroll of silence
 o - 4 scrolls of poison
 t - a scroll of magic mapping
 M - 3 scrolls of teleportation
 Q - 2 scrolls of blinking
Potions
 d - a potion of might
 e - a potion of invisibility
 u - 12 potions of curing
 I - 2 potions of berserk rage
 J - a potion of lignification
 K - 2 potions of flight
 N - a potion of haste
 S - a potion of cancellation
 W - a potion of resistance
 Y - a potion of heal wounds
Miscellaneous
 F - a phial of floods
 G - a tin of tremorstones (inert)


   Skills:
 + Level 7.4 Fighting
 + Level 10.3 Axes
 + Level 1.2(7.2) Maces & Flails
 + Level 1.6 Throwing
 + Level 8.1 Armour
 + Level 4.9 Dodging
 + Level 6.1 Stealth
 + Level 6.2 Shields
 + Level 2.4 Spellcasting
 * Level 8.8 Conjurations
 + Level 0.5 Transmutations
 + Level 0.5 Fire Magic
 * Level 7.7 Poison Magic
 * Level 7.3 Invocations
 * Level 3.4 Evocations


You had 8 spell levels left.
You knew the following spells:

 Your Spells              Type           Power      Damage    Failure   Level
a - Mephitic Cloud        Conj/Pois/Air  12%        N/A       65%         3
b - Ignite Poison         Fire/Tmut/Pois 7%         N/A       93%         3
c - Poisonous Vapours     Pois/Air       18%        N/A       65%         2

Your spell library contained the following spells:

 Spells                   Type           Power      Damage    Failure   Level
 Magic Dart               Conj           72%        1d6       9%          1
 Shock                    Conj/Air       40%        1d5       43%         1
 Sting                    Tmut/Pois      36%        1d4       45%         1
 Apportation              Tloc           2%         N/A       95%         1
 Necrotize                Necr           4%         1d4       95%         1
 Summon Small Mammal      Summ           4%         N/A       95%         1
 Blink                    Tloc           2%         N/A       98%         2
 Passwall                 Tmut/Erth      0%         N/A       98%         2
 Hailstorm                Conj/Ice       10%        3d5       99%         4
 Swiftness                Air            1%         N/A       100%        3
 Airstrike                Air            0%         N/A       100%        4
 Anguish                  Hex/Necr       0%         N/A       100%        4
 Summon Lightning Spire   Summ/Air       1%         N/A       100%        4
 Borgnjor's Vile Clutch   Necr/Erth      0%         N/A       100%        5
 Freezing Cloud           Conj/Ice/Air   3%         6-21      100%        5
 Irradiate                Conj/Tmut      5%         3d15      100%        5
 Manifold Assault         Tloc           1%         N/A       100%        5
 Conjure Ball Lightning   Conj/Air       5%         3x3d6     100%        6
 Enfeeble                 Hex            0%         N/A       100%        7
 Storm Form               Tmut/Air       0%         N/A       100%        7


Dungeon Overview and Level Annotations

Branches:
Dungeon (14/15)            Temple (1/1) D:6            Lair (0/6) D:8
    Orc (1/2) D:9           IceCv (1/1)
 Vaults: D:13-14

Altars:
Ashenzari
Cheibriados
Dithmenos
Elyvilon
Fedhas
Gozag
Hepliaklqana
Kikubaaqudgha
Makhleb
Nemelex Xobeh
Okawaru
Qazlal
Ru
Sif Muna
Trog
Uskayaw
Vehumet
Wu Jian
Xom
Yredelemnul
Zin
The Shining One
Beogh

Shops:
D:10 *


Innate Abilities, Weirdness & Mutations

Your life essence is reduced to manifest your ancestor. (-10% HP)
You are immune to sickness and miasma.
Your stone body is resilient. (AC +9)
You are immune to poison.
You resist negative energy. (rN+)
You are resistant to electric shocks. (rElec)
You are resistant to unholy torment.
You are immune to petrification.
You have a somewhat thin skeletal structure. (Dex +2, Stealth+)
You are somewhat resistant to further mutation.


Message History

The death yak is moderately wounded.
The death yak gores you but does no damage.
You hit the death yak but do no damage.
The death yak is moderately wounded.
The death yak gores you!
You slash the death yak!
The death yak is heavily wounded.
You block the death yak's attack.
Ankherfenedjef points at the death yak and mumbles some strange words.
The stone arrow hits the death yak!
You barely miss the death yak.
The death yak is heavily wounded.
The death yak gores you but does no damage.
You hit the death yak.
The death yak is severely wounded.
The death yak gores you!!
Ankherfenedjef points at the death yak and mumbles some strange words.
The puff of frost hits the death yak!
You hit the death yak.
The death yak is almost dead.
The death yak snorts and paws the ground.
You block the death yak's attack.
Ankherfenedjef casts a spell at the death yak.
The stone arrow hits the death yak!
The death yak dies!
The death yak gores you but does no damage.
You slash the death yak!
The death yak is lightly wounded.
The death yak gores you!!
* * * LOW HITPOINT WARNING * * *
Ankherfenedjef points at the death yak and mumbles some strange words.
The puff of frost hits the death yak!
You hit the death yak but do no damage.
The death yak is moderately wounded.
The death yak gores you but does no damage.
The death yak gores you.
* * * LOW HITPOINT WARNING * * *
You swap places.
The death yak attacks as you move away! The death yak gores you!
You die...

##..##
##..#
##.#
#..#
##.##
##..#
#..##
#.##
#@#
#Y#
#..
#..⌠
##...
#[##
##


You could see the friendly Ankherfenedjef the battlemage and a death yak (ally
target).

Vanquished Creatures
  Harold (D:8)
  A boulder beetle (D:12)
  A hydra (D:11)
  Pikel (D:6)
  A deep elf pyromancer (D:12)
  An ugly thing (D:13)
  A wolf spider (D:11)
  A manticore (D:11)
  Maurice (D:12)
  A gargoyle (D:11)
  An unseen horror (D:11)
  A komodo dragon (shapeshifter) (D:11)
  2 kobold demonologists
  A komodo dragon (D:12)
  A troll (D:11)
  4 polar bears (IceCv)
  Prince Ribbit (D:6)
  A hornet (D:8)
  2 vampires (D:11)
  A shadow (D:8)
  2 wraiths
  18 yaks
  Grum (D:9)
  Menkaure (D:6)
  A warg (D:9)
  An acid dragon (D:11)
  A water moccasin (D:8)
  4 orc warriors
  4 black bears
  4 ice beasts
  2 sky beasts (D:7)
  7 wolves
  4 centaurs
  4 lemures
  2 bullfrogs (D:6)
  A necrophage (D:5)
  7 scorpions (D:6)
  6 wights
  15 killer bees
  2 howler monkeys (D:9)
  A crimson imp (D:4)
  2 jellies
  3 hounds
  A gnoll shaman (D:10)
  2 orc priests
  A battlemage (D:11)
  6 iguanas
  5 orc wizards
  6 adders
  7 gnolls
  A river rat (D:4)
  A shadow imp (D:5)
  A white imp (D:4)
  3 worms
  4 dart slugs
  16 orcs
  8 endoplasms
  3 giant cockroaches
  6 goblins
  6 hobgoblins
  2 jackals (D:2)
  3 quokkas
  7 ball pythons
  8 bats
  6 frilled lizards
  8 kobolds
  4 rats
233 creatures vanquished.

Vanquished Creatures (collateral kills)
  A two-headed ogre (D:11)
  A death yak (IceCv)
  A deep elf zephyrmancer (D:11)
  A cyclops (D:11)
  3 ugly things
  An orc sorcerer (D:11)
  2 manticores (D:12)
  An ice statue (IceCv)
  A troll (Orc:1)
  4 polar bears (IceCv)
  A centaur simulacrum (D:11)
  15 yaks
  A wyvern (D:8)
  A golden eye (shapeshifter) (D:11)
  2 vampire mosquitoes (D:12)
  7 orc warriors
  5 centaurs
  8 wolves
  3 wights
  5 killer bees
  2 orc priests
  An orc wizard (D:11)
  8 orcs
75 creatures vanquished.

Vanquished Creatures (others)
  A wolf (IceCv)
  5 battlemagi
  2 fungi (D:6)
  3 plants (D:6)
11 creatures vanquished.

Grand Total: 319 creatures vanquished

Notes
Turn   | Place    | Note
-------+----------+-------------------------------------------
     0 | D:1      | jlumianski the Gargoyle Fighter began the quest for the
                  | Orb.
     0 | D:1      | Reached XP level 1. HP: 14/14 MP: 1/1
   242 | D:1      | Reached XP level 2. HP: 19/19 MP: 2/2
   353 | D:1      | Found a faded altar of an unknown god.
   414 | D:2      | Reached skill level 2 in Axes
   596 | D:4      | Identified the +3 leather armour of Mirruq {rCorr}
   677 | D:4      | Reached XP level 3. HP: 23/23 MP: 3/3
   721 | D:4      | Reached XP level 4. HP: 29/29 MP: 4/4
  1013 | D:4      | Reached skill level 3 in Axes
  1051 | D:3      | Found a broken altar of Ashenzari.
  1384 | D:2      | Reached XP level 5. HP: 33/33 MP: 5/5
  2198 | D:1      | Gained mutation: You possess an exceptional clarity of
                  | mind. [potion of mutation]
  2198 | D:1      | Gained mutation: You do not regenerate when monsters are
                  | visible. [potion of mutation]
  2199 | D:1      | Lost mutation: You possess an exceptional clarity of mind.
                  | [potion of mutation]
  2199 | D:1      | Lost mutation: You do not regenerate when monsters are
                  | visible. [potion of mutation]
  2199 | D:1      | Gained mutation: You have a somewhat thin skeletal
                  | structure. (Dex +2, Stealth+) [potion of mutation]
  2199 | D:1      | Gained mutation: You are somewhat resistant to further
                  | mutation. [potion of mutation]
  2301 | D:2      | Found a sparkling altar of Nemelex Xobeh.
  3350 | D:4      | Reached XP level 6. HP: 38/38 MP: 6/6
  3458 | D:4      | Reached skill level 4 in Axes
  3458 | D:4      | Reached skill level 1 in Dodging
  3563 | D:5      | Entered Level 5 of the Dungeon
  3685 | D:5      | Noticed a black bear
  3695 | D:5      | Killed a black bear
  3696 | D:5      | Reached skill level 1 in Stealth
  3748 | D:5      | Reached skill level 5 in Armour
  3748 | D:5      | Reached XP level 7. HP: 43/43 MP: 7/7
  3963 | D:5      | Learned a level 3 spell: Mephitic Cloud
  4011 | D:6      | Noticed Prince Ribbit
  4051 | D:6      | Killed Prince Ribbit
  4052 | D:6      | Reached skill level 5 in Axes
  4052 | D:6      | Reached skill level 1 in Conjurations
  4052 | D:6      | Reached skill level 1 in Poison Magic
  4099 | D:5      | Reached XP level 8. HP: 48/48 MP: 8/8
  4487 | D:6      | Found an opulent altar of Gozag.
  4779 | D:6      | Found a glowing silver altar of Zin.
  4783 | D:6      | Noticed an angel
  4788 | D:6      | Found a shimmering altar of Xom.
  4857 | D:6      | Noticed Menkaure
  4864 | D:6      | Killed Menkaure
  4865 | D:6      | Reached skill level 1 in Throwing
  4895 | D:6      | Found a staircase to the Ecumenical Temple.
  4908 | Temple   | Entered the Ecumenical Temple
  4962 | Temple   | Became a worshipper of Hepliaklqana the Forgotten
  4997 | D:6      | Reached skill level 6 in Axes
  5021 | D:6      | Reached skill level 5 in Fighting
  5093 | D:6      | Reached XP level 9. HP: 54/54 MP: 9/9
  5355 | D:6      | Found an ornate altar of the Wu Jian Council.
  5704 | D:7      | Found an iron altar of Okawaru.
  5707 | D:7      | Noticed Pikel
  5788 | D:6      | Killed Pikel
  6194 | D:8      | Reached skill level 7 in Axes
  6194 | D:8      | Reached skill level 5 in Shields
  6495 | D:9      | Noticed Harold
  6563 | D:7      | Reached XP level 10. HP: 60/60 MP: 10/10
  6613 | D:8      | Killed Harold
  6614 | D:8      | Reached skill level 5 in Conjurations
  6855 | D:8      | Reached * piety under Hepliaklqana
  7102 | D:8      | Found a shadowy altar of Dithmenos.
  7102 | D:8      | Found a white marble altar of Elyvilon.
  7109 | D:8      | Found a sparkling altar of Nemelex Xobeh.
  7298 | D:8      | Found a staircase to the Lair.
  7418 | D:9      | Reached skill level 1 in Invocations
  7478 | D:9      | Noticed a kobold demonologist
  7541 | D:9      | Noticed a rust devil
  7543 | D:9      | Killed a kobold demonologist
  7544 | D:9      | Reached skill level 5 in Poison Magic
  7563 | D:9      | You fall into a shaft and drop 2 floors!
  7636 | D:10     | Entered Level 10 of the Dungeon
  7715 | D:10     | Reached skill level 8 in Axes
  7943 | D:10     | Reached XP level 11. HP: 38/57 MP: 13/13
  7963 | D:10     | Found Seji's Lightly-Used Armoury.
  7999 | D:10     | Reached ** piety under Hepliaklqana
  8000 | D:10     | Remembered your ancestor Ankherfenedjef as a battlemage
  8038 | D:9      | Identified the +1 robe of Understanding {Stlth+}
  8093 | D:9      | Learned a level 3 spell: Ignite Poison
  8349 | D:9      | Found a staircase to the Orcish Mines.
  8386 | D:9      | HP: 2/57 [orc warrior/+0 glaive (6)]
  8703 | D:9      | Noticed Grum
  8714 | D:9      | Killed Grum
  9142 | D:11     | Noticed a deep elf zephyrmancer
  9146 | D:11     | Noticed an orc sorcerer
  9153 | D:11     | Killed a deep elf zephyrmancer
  9160 | D:11     | Noticed an orc sorcerer
  9163 | D:11     | Noticed a sixfirhy
  9165 | D:11     | Paralysed by an orc sorcerer for 4 turns
  9166 | D:11     | Killed an orc sorcerer
  9167 | D:11     | Reached skill level 1 in Spellcasting
  9221 | D:11     | Noticed a two-headed ogre
  9221 | D:11     | Noticed a cyclops
  9224 | D:11     | Killed a two-headed ogre
  9227 | D:11     | Killed a cyclops
  9228 | D:11     | Reached skill level 5 in Invocations
  9228 | D:11     | Identified the ring "Xejyave" {rN+ rCorr Str-4 Slay+3}
  9314 | D:11     | Noticed a green ugly thing
  9315 | D:11     | Noticed a manticore
  9316 | D:11     | Noticed a wolf spider
  9319 | D:11     | Killed a green ugly thing
  9320 | D:11     | Reached skill level 5 in Stealth
  9323 | D:11     | Killed a wolf spider
  9325 | D:11     | Killed a manticore
  9370 | D:11     | Got the Catalogue of Cloudy Arcane Weapons
  9370 | D:11     | Got the Collected Works on Attacks
  9405 | D:11     | Reached XP level 12. HP: 63/63 MP: 16/16
  9418 | D:11     | Reached skill level 9 in Axes
  9532 | D:11     | Got the Catalogue of Feathery Intoxication
  9536 | D:11     | Learned a level 2 spell: Poisonous Vapours
 10019 | D:11     | Noticed a six-headed hydra
 10031 | D:11     | Killed a seven-headed hydra
 10032 | D:11     | Reached skill level 1 in Evocations
 10186 | D:12     | Noticed a boulder beetle
 10207 | D:12     | Killed a boulder beetle
 10391 | D:13     | Reached *** piety under Hepliaklqana
 10553 | D:12     | Noticed Maurice
 10558 | D:12     | Killed Maurice
 10842 | D:12     | Reached skill level 1 in Maces & Flails
 11178 | D:13     | Noticed a death knight
 11403 | Orc:1    | Entered Level 1 of the Orcish Mines
 11611 | Orc:1    | Found a frozen archway.
 11643 | IceCv    | Entered an ice cave
 11777 | IceCv    | Got Lehures's Guide on the Gliding Rocks
 11894 | IceCv    | Reached XP level 13. HP: 68/68 MP: 18/18
 11948 | IceCv    | Reached skill level 10 in Axes
 12123 | IceCv    | Slain by a death yak

Illustrated notes

Levels and vault maps discovered:
D:1:      onia_arrival_mini_spirals, layout_basic,
          dreamdust_ecumenical_altar_angels_and_demons
D:2:      layout_basic, basic_altar, minmay_misc_feat_pillars,
          chequers_serial_rivers_small_3, minmay_misc_feat_square,
          minmay_misc_feat_x
D:3:      layout_loops_ring, nicolae_ashenzari_skybound
D:4:      layout_basic, gup_sewer_entry_bubbles, minmay_fire_ice_demons
D:5:      layout_basic
D:6:      old_forge, layout_loops_cross,
          grunt_temple_overflow_order_and_chaos_1,
          pdpol_wu_jian_five_deadly_venoms, nicolae_gozag_seed_capital,
          minmay_temple_entry_statues_fountains, uniq_menkaure,
          uniq_prince_ribbit1
D:7:      layout_loops_ring, mainiacjoe_overflow_catwalk, uniq_pikel
D:8:      layout_basic, gammafunk_temple_overflow_claw, lair_entry_dummy
D:9:      layout_basic, david_orc_1_choice, uniq_harold, uniq_grum
D:10:     layout_roguey, minmay_shop_damaged
D:11:     minmay_the_grid_net [minmay_the_grid_large_cup,
          minmay_the_grid_diamond_grid, minmay_the_grid_aliased_spiral,
          minmay_the_grid_tri_star, minmay_the_grid_minigrid_medium,
          minmay_the_grid_prize_shrinking_boxes], layout_small_grid, st_stairs_6
D:12:     layout_loops_cross, uniq_maurice
D:13:     layout_loops_corners
D:14:     layout_basic, grunt_vaults_entry_tiered,
          ebering_dispersal_statue_hall, eino_jars
Temple:   dshaligram_water_room_temple
Orc:1:    layout_diamond_mine, basic_altar, portal_ice_cave_entry_pillars_1
IceCv:    ice_cave_caverns_02

Skill      XL: |  1  2  3  4  5  6  7  8  9 10 11 12 13 |
---------------+----------------------------------------+-----
Axes           | 2 3 4 5 6 7 8 9 10 | 10.3
Armour         | 4 5 6 7 8 |  8.1
Dodging        | 1 2 3 4 |  4.9
Fighting       | 4 5 6 7 |  7.4
Stealth        | 1 2 3 5 6 |  6.1
Shields        | 4 5 6 |  6.2
Conjurations   | 1 3 4 6 7 8 |  8.8
Poison Magic   | 1 3 4 5 6 7 |  7.7
Throwing       | 1 |  1.6
Invocations    | 3 5 7 |  7.3
Spellcasting   | 2 |  2.4
Evocations     | 3 |  3.4
Maces & Flails | 1 |  1.2
Transmutations | |  0.5
Fire Magic     | |  0.5

Action                   |  1- 3 |  4- 6 |  7- 9 | 10-12 | 13-15 || total
-------------------------+-------+-------+-------+-------+-------++-------
Melee: War axe           |    53 |   191 |   278 |   472 |    89 ||  1083
       Whip              |       |       |       |     6 |       ||     6
Throw: Stone             |       |     9 |       |       |       ||     9
       Dart              |       |     5 |       |       |       ||     5
       Javelin           |       |       |     7 |     6 |       ||    13
 Cast: Mephitic Cloud    |       |       |       |    28 |       ||    28
       Ignite Poison     |       |       |       |     8 |       ||     8
       Poisonous Vapours |       |       |       |     3 |       ||     3
Invok: Recall Ancestor   |       |       |       |     2 |       ||     2
       Ancestor Life: Ba |       |       |       |     1 |       ||     1
Evoke: Wand              |       |       |     1 |       |       ||     1
       Tin of tremorston |       |       |       |     2 |       ||     2
  Use: Scroll            |       |     9 |     6 |    10 |       ||    25
       Potion            |       |     8 |       |     1 |       ||     9
 Stab: Sleeping          |       |     2 |     8 |     7 |       ||    17
       Confused          |       |       |       |    13 |       ||    13
       Distracted        |       |       |       |     5 |     1 ||     6
Armor: Scale mail        |    31 |       |       |       |       ||    31
       Leather armour    |     2 |     8 |       |       |       ||    10
       Ring mail         |       |   104 |   192 |   355 |       ||   651
       Plate armour      |       |       |       |    59 |    84 ||   143
Dodge: Dodged            |    31 |    98 |   170 |   293 |    38 ||   630
Block: Buckler           |    13 |    44 |    99 |   132 |    27 ||   315

Table legend: (Time is in decaauts)
 A = Elapsed time spent in this place.
 B = Non-inter-level travel time spent in this place.
 C = Inter-level travel time spent in this place.
 D = Time resting spent in this place.
 E = Time spent auto-exploring this place.
 F = Levels seen in this place.
 G = Mean time per level.
                   A        B        C        D        E       F      G
               +--------+--------+--------+--------+--------+-----+--------+
         Total |  12444 |  11979 |    465 |    344 |   6056 |  17 |  732.0 |
       Dungeon |  11639 |  11174 |    465 |    306 |   5813 |  14 |  831.4 |
        Temple |     74 |     74 |      0 |      0 |      0 |   1 |   74.0 |
  Orcish Mines |    240 |    240 |      0 |      0 |    116 |   1 |  240.0 |
      Ice Cave |    489 |    489 |      0 |     38 |    127 |   1 |  489.0 |
               +--------+--------+--------+--------+--------+-----+--------+

Top non-repeatable levels by time:
     D:4: 1319 daAuts
    D:11: 1220 daAuts
     D:8: 1144 daAuts
     D:6: 1140 daAuts
     D:9: 1000 daAuts
     D:2: 885 daAuts
    D:12: 873 daAuts
     D:5: 849 daAuts
     D:3: 776 daAuts
     D:1: 747 daAuts
    D:10: 712 daAuts
     D:7: 689 daAuts
   IceCv: 489 daAuts
    D:13: 263 daAuts
   Orc:1: 240 daAuts
